 Dungeon Crawl Stone Soup version 0.22-b1-21-g5cfc168 (webtiles) character file.

32 letownia2 the Insei (level 3, 26/26 HPs)
             Began as a Demonspawn Transmuter on Aug 3, 2018.
             Quit the game on level 3 of the Dungeon.
             The game lasted 00:02:28 (461 turns).

letownia2 the Insei (Demonspawn Transmuter)          Turns: 461, Time: 00:02:28

Health: 26/26      AC:  5    Str: 11    XL:     3   Next: 10%
Magic:  3/6        EV: 10    Int: 14    God:
Gold:   10         SH:  0    Dex: 13    Spells: 3/6 levels left

rFire    . . .     SeeInvis .     - Unarmed
rCold    . . .     Gourm    .   (no shield)
rNeg     . . .     Faith    .   g - +0 ring mail
rPois    .         Spirit   .   (no helmet)
rElec    .         Reflect  .   (no cloak)
rCorr    .         Harm     .   (no gloves)
MR       .....                  (no boots)
Stlth    ..........             (no amulet)
HPRegen  0.08/turn              e - ring of attention (curse)
MPRegen  0.10/turn              (no ring)

@: appendage (expiring), very slightly contaminated
A: horns 2, talons 1, powered by death 1
a: End Transformation


You were on level 3 of the Dungeon.
You were not hungry.
You had grown temporary horns.
You visited 1 branch of the dungeon, and saw 3 of its levels.

You collected 10 gold pieces.

Inventory:

Hand Weapons
 f - a +2 mace of protection
Missiles
 a - 20 arrows
Armour
 b - a +0 robe
 g - a +0 ring mail (worn)
 o - a +0 leather armour
Jewellery
 c - an uncursed ring of fire
 e - a cursed ring of attention (left hand)
Scrolls
 i - a scroll of remove curse {unknown}
 m - 3 scrolls of enchant weapon {unknown}
 n - a scroll of amnesia {unknown}
Potions
 h - a potion of magic {unknown}
 j - a potion of curing {unknown}
 k - a potion of ambrosia {unknown}
 l - a potion of brilliance {unknown}
 p - a potion of lignification {unknown}
 q - a potion of cancellation {unknown}
Comestibles
 d - 7 rations


   Skills:
 - Level 1.0 Fighting
 - Level 1.7 Dodging
 + Level 3.6 Unarmed Combat
 - Level 2.0 Spellcasting
 + Level 2.2 Transmutations


You had 3 spell levels left.
You knew the following spells:

 Your Spells              Type           Power        Failure   Level  Hunger
a - Beastly Appendage     Tmut           #.....       22%         1    ##.....
l - Sticks to Snakes      Tmut           #.......     34%         2    ###....

Your spell library contained the following spells:

 Spells                   Type           Power        Failure   Level  Hunger
 Spider Form              Tmut/Pois      #.........   73%         3    ####...
 Blade Hands              Tmut           #.........   99%         5    ######.
 Ice Form                 Ice/Tmut       #.......     98%         4    #####..


Dungeon Overview and Level Annotations

Branches:
Dungeon (3/15)

Altars:
Hepliaklqana
Sif Muna
Trog


Innate Abilities, Weirdness & Mutations

You have sharp toenails.
You regenerate a little health from kills.
You have a pair of horns on your head.


Message History

Found a hunting sling.
There is a stone staircase leading up here.
Casting: Beastly Appendage (safe; 22% risk of failure)
Confirm with . or Enter, or press ? or * to list all spells.
You grow a pair of large bovine horns.
Your transformation is almost over.
The rat bites you.
You hit the rat.
You kill the rat!
The bat hits you but does no damage. The bat closely misses you.
The bat closely misses you. The bat hits you but does no damage.
You hit the bat. You headbutt the bat.
You kill the bat!
No target in view!
No target in view!
No target in view!
Are you sure you want to abandon this character and quit the game? (Confirm with "yes".)
Okay, then.
Are you sure you want to abandon this character and quit the game? (Confirm with "yes".)

##.#.#
#....# ##
....# .
###...#.#
#.#...#.#
##...<...#
#......###
...#.#...#
# # #.@.#
#...#
.....#
###.).#
##...
#.##. #.#
. ..# .


There were no monsters in sight!

Vanquished Creatures
  A worm (D:2)
  6 bats
  6 giant cockroaches
  3 goblins
  3 hobgoblins
  A kobold (D:2)
  A ball python (D:2)
  2 frilled lizards (D:2)
  5 rats
28 creatures vanquished.

Notes
Turn   | Place    | Note
-------+----------+-------------------------------------------
     0 | D:1      | letownia2 the Demonspawn Transmuter began the quest for the Orb.
     0 | D:1      | Reached XP level 1. HP: 15/15 MP: 3/3
   139 | D:1      | Reached skill level 3 in Unarmed Combat
   182 | D:1      | Gained mutation: You regenerate a little health from kills. [demonic ancestry]
   182 | D:1      | Reached XP level 2. HP: 5/21 MP: 5/5
   271 | D:2      | Found a faded altar of an unknown god.
   271 | D:2      | Found a faded altar of an unknown god.
   284 | D:2      | Found a hazy altar of Hepliaklqana.
   286 | D:2      | Found a bloodstained altar of Trog.
   287 | D:2      | Found a deep blue altar of Sif Muna.
   358 | D:2      | Learned a level 2 spell: Sticks to Snakes
   446 | D:2      | Gained mutation: You have sharp toenails. [demonic ancestry]
   446 | D:2      | Reached XP level 3. HP: 26/26 MP: 3/6
   461 | D:3      | Quit the game

Skill      XL: |  1  2 |
---------------+-------+-----
Unarmed Combat | 3 |  3.6
Transmutations | 2 |  2.2
Fighting       | |  1.0
Dodging        | |  1.7
Spellcasting   | |  2.0

Action                   || total
-------------------------++-------
Melee: Unarmed           ||    70
       Kick              ||     4
       Punch             ||     2
       Headbutt          ||     5
 Cast: Beastly Appendage ||    16
 Stab: Sleeping          ||     1
Armor: Robe              ||     4
       Ring mail         ||    22
Dodge: Dodged            ||    37
